 Dungeon Sprint DCSS version 0.18.1-50-g88ac8fd (webtiles) character file.

1679 Kagutsuchi the Fighter (level 8, -10/83 HPs)
             Began as a Mottled Draconian Berserker on Oct 22, 2016.
             Was an Elder of Trog.
             Shot with a bolt by a yaktaur (12 damage)
             ... in the Dungeon (Sprint II: "The Violet Keep of Menkaure").
             The game lasted 00:06:03 (470 turns).

Kagutsuchi the Fighter (Mottled Draconian Berserker) Turns: 470, Time: 00:06:04

Health: -10/83     AC:  6    Str: 19    XL:     8   Next: 70%
Magic:  8/8        EV: 18    Int:  6    God:    Trog [****..]
Gold:   406        SH:  0    Dex: 13    Spells: 0 memorised, 7 levels left

rFire  . . .     SeeInvis +     d - +5 mace "Gakabyst" {crush, rElec rC- Int-2 SInv}
rCold  x . .     Gourm    .     (armour unavailable)
rNeg   . . .     Faith    .     (no shield)
rPois  .         Spirit   .     (helmet restricted)
rElec  +         Dismiss  .     (no cloak)
rCorr  .         Reflect  .     (no gloves)
SustAt .         Harm     .     (no boots)
MR     .....     NoTele   +     (no amulet)
Stlth  ++........               (no ring)
                                (no ring)

@: exhausted, short of breath, slowed, very slow, not resistant to hostile
enchantments, unstealthy
A: breathe sticky flame splash, unfitting armour, cold-blooded, AC +6
a: Breathe Sticky Flame, Berserk, Trog's Hand, Brothers in Arms, Burn
Spellbooks, Renounce Religion


You were in the Dungeon.
You worshipped Trog.
Trog was greatly pleased with you.
You were not hungry.

You visited 1 branch You collected 972 gold pieces.
You spent 566 gold pieces at shops.

Inventory:

Hand Weapons
 a - a +0 falchion
 d - the +5 mace "Gakabyst" (weapon) {crush, rElec rC- Int-2 SInv}
   (You bought it in a shop in the Dungeon)

   It inflicts extra damage upon your enemies.
   It affects your intelligence (-2).
   It makes you vulnerable to cold.
   It insulates you from electricity.
   It lets you see invisible.
Potions
 b - 4 potions of curing
 c - a potion of heal wounds
 e - a potion of haste
 f - 2 potions of magic
 g - a potion of berserk rage
Comestibles
 h - a slice of pizza
 i - a meat ration


   Skills:
 + Level 11.7 Fighting
 + Level 11.2 Long Blades
 + Level 1.3 Maces & Flails
 + Level 11.5 Dodging
 + Level 1.6 Stealth


You had 7 spell levels left.
You didn't know any spells.

Dungeon Overview and Level Annotations

Branches:
Dungeon (1/1)

Altars:
Cheibriados
Dithmenos
Elyvilon
Fedhas
Gozag
Kikubaaqudgha
Makhleb
Nemelex Xobeh
Okawaru
Pakellas
Qazlal
Ru
Sif Muna
Trog
Vehumet
Xom
Yredelemnul
Zin
The Shining One
Beogh
Jiyva
Lugonu

Shops:
D :(:[}?:!!%}=[}=?

Annotations:
D exclusion: oklob plant


Innate Abilities, Weirdness & Mutations

You can spit globs of burning liquid.
You can ignite nearby creatures when you spit burning liquid.
Your weird mottled scales are hard (AC +6).
Your body does not fit into most forms of armour.
You are cold-blooded and may be slowed by cold attacks.


Message History

Press: ? - help, Shift-Dir - straight line, f - polar bear
Aim: a polar bear (almost dead, berserk, fast, unusually strong)
You spit a glob of burning liquid.
The splash of liquid fire hits the polar bear.
The polar bear appears unharmed.
The polar bear is almost dead.
The polar bear is covered in liquid flames!
The sticky flame splashes onto the polar bear!
The polar bear is covered in liquid flames!
You feel somewhat more hungry.
The polar bear burns! x4
You kill the polar bear!
Trog accepts your kill.
Your Maces & Flails skill increases to level 1!
The polar bear bites you!
* * * LOW HITPOINT WARNING * * *
The polar bear completely misses you.
The polar bear claws you but does no damage.
The yaktaur wields a runed arbalest.
It bursts into flame!
The yaktaur shoots a bolt.
The bolt hits you!
You die...

.#).#....# ...#
...####..## #..# $#
#'###.##..# +..# .# (
#.##.#.#..# #..# .# %)
.<.'###'§.####..##.# ?$)
#.##.#.#....###.^.##▓▓▓▓
#'###.##§..§§.≈≈c≈≈≈≈≈≈≈
...####≈≈.§§.§§#†#######
.#..#≈≈≈≈≈§≈.§≈#@h_._...
.#.##≈≈≈≈§≈§≈§≈#._._._..
#+##≈≈≈≈≈§≈§≈≈§#.._._._.
≈≈≈≈≈≈≈≈§≈§§≈≈≈#._._._._
+#+++#≈≈≈≈§≈§≈≈#.._._._.
§§§≈ ##§§§###§§#..._._._
≈§§§≈§##≈≈# #≈≈#...._._.
§≈≈§S≈§+≈≈# #≈≈#....._._
§§§§§≈##≈§≈≈


You could see a polar bear (burning) and a yaktaur.

Vanquished Creatures
  A siren (D)
  2 polar bears (D)
  2 hippogriffs (D)
  Menkaure (D)
  A wasp (D)
  4 necrophages (D)
  A crocodile (D)
  A hell rat (D)
  4 worker ants (D)
17 creatures vanquished.

Notes
Turn   | Place    | Note
--------------------------------------------------------------
     0 | D        | Kagutsuchi the Draconian Berserker began the quest for the Orb.
     0 | D        | Reached XP level 1. HP: 19/19 MP: 1/1
     1 | D        | Noticed a siren
    24 | D        | Killed a siren
    24 | D        | Reached ** piety under Trog
    24 | D        | Reached XP level 2. HP: 31/36 MP: 2/2
    24 | D        | Reached XP level 3. HP: 35/41 MP: 3/3
    24 | D        | Reached XP level 4. HP: 42/49 MP: 4/4
    24 | D        | Reached XP level 5. HP: 48/56 MP: 5/5
    24 | D        | Reached XP level 6. HP: 54/62 MP: 6/6
    51 | D        | Noticed a hippogriff
    51 | D        | Noticed a hippogriff
    64 | D        | Killed a hippogriff
    80 | D        | Killed a hippogriff
    80 | D        | Reached skill level 10 in Fighting
    80 | D        | Your scales start taking on a weird mottled colour.
    80 | D        | Reached XP level 7. HP: 34/72 MP: 7/7
   122 | D        | Noticed an orange crystal statue
   124 | D        | Noticed Menkaure
   132 | D        | Killed Menkaure
   132 | D        | Reached skill level 10 in Long Blades
   133 | D        | Found Afodugo's Gadget Shop.
   133 | D        | Found Jeanoup's Book Boutique.
   133 | D        | Found Wewub's Gadget Shop.
   133 | D        | Found Jixec's Antique Armour Boutique.
   133 | D        | Found Jebops's Distillery.
   133 | D        | Found Okuxzy's Antique Weapon Boutique.
   133 | D        | Found Xulit's Gadget Shop.
   133 | D        | Found Gaan's Distillery.
   133 | D        | Found Xuhuovor's Book Shop.
   133 | D        | Found Juxtul's Jewellery Shop.
   133 | D        | Found Nuekhleoj's Magic Scroll Boutique.
   133 | D        | Found Siogalig's Jewellery Boutique.
   133 | D        | Found Xulixkoomo's Food Shop.
   134 | D        | Found Saol's Magic Scroll Shop.
   134 | D        | Found Jaxoib's Antique Armour Boutique.
   141 | D        | Reached *** piety under Trog
   150 | D        | Noticed a great orb of eyes
   150 | D        | Noticed an oklob plant
   151 | D        | Found Sathrergha's Book Shoppe.
   152 | D        | Noticed a polar bear
   153 | D        | Noticed a polar bear
   157 | D        | Bought a potion of curing for 39 gold pieces
   157 | D        | Bought a potion of curing for 39 gold pieces
   159 | D        | Bought a potion of curing for 30 gold pieces
   159 | D        | Bought 2 potions of heal wounds for 100 gold pieces
   159 | D        | Bought a potion of curing for 30 gold pieces
   200 | D        | Noticed a flying skull
   200 | D        | Noticed a flying skull
   201 | D        | Noticed a flying skull
   210 | D        | Found a burning altar of Makhleb.
   210 | D        | Found an iron altar of Okawaru.
   211 | D        | Found an opulent altar of Gozag.
   211 | D        | Found a viscous altar of Jiyva.
   211 | D        | Found a shadowy altar of Dithmenos.
   213 | D        | Found a radiant altar of Vehumet.
   213 | D        | Found a shimmering altar of Xom.
   213 | D        | Found a sacrificial altar of Ru.
   290 | D        | Reached **** piety under Trog
   303 | D        | Reached skill level 10 in Dodging
   303 | D        | Reached XP level 8. HP: 59/82 MP: 8/8
   310 | D        | Reached skill level 1 in Stealth
   337 | D        | Bought an encrusted mace for 216 gold pieces
   337 | D        | Identified the +5 mace "Gakabyst" {crush, rElec rC- Int-2 SInv} (You bought it in a shop in the Dungeon)
   347 | D        | Noticed an ice dragon
   350 | D        | Bought a slice of pizza for 21 gold pieces
   350 | D        | Bought a meat ration for 70 gold pieces
   350 | D        | Bought a beef jerky for 21 gold pieces
   444 | D        | Found a glowing silver altar of Zin.
   444 | D        | Found an oddly glowing altar of Pakellas.
   444 | D        | Found a sparkling altar of Nemelex Xobeh.
   444 | D        | Found a deep blue altar of Sif Muna.
   445 | D        | Found an ancient bone altar of Kikubaaqudgha.
   445 | D        | Found a stormy altar of Qazlal.
   445 | D        | Found a glowing golden altar of the Shining One.
   447 | D        | Found a blossoming altar of Fedhas.
   447 | D        | Found a basalt altar of Yredelemnul.
   448 | D        | Found a bloodstained altar of Trog.
   448 | D        | Found a corrupted altar of Lugonu.
   448 | D        | Noticed a polar bear
   450 | D        | Found a white marble altar of Elyvilon.
   451 | D        | Found a snail-covered altar of Cheibriados.
   451 | D        | Found a roughly hewn altar of Beogh.
   451 | D        | Noticed a yaktaur
   453 | D        | Noticed a polar bear
   453 | D        | Noticed a polar bear
   462 | D        | Killed a polar bear
   470 | D        | Killed a polar bear
   470 | D        | Reached skill level 1 in Maces & Flails
   470 | D        | HP: 2/83 [polar bear (14)]
   470 | D        | Shot with a bolt by a yaktaur

Skill      XL: |  1  2  3  4  5  6  7  8 |
---------------+-------------------------+-----
Fighting       | 8 10 11 | 11.7
Long Blades    | 8 9 10 11 | 11.2
Dodging        | 7 8 10 11 | 11.5
Stealth        | 1 |  1.6
Maces & Flails | 1 |  1.3

Action                   |  1- 3 |  4- 6 |  7- 9 || total
-------------------------+-------+-------+-------++-------
Melee: Falchion          |    20 |    20 |    42 ||    82
       Tailslap          |     3 |     1 |    11 ||    15
       Mace              |       |       |    22 ||    22
Invok: Berserk           |       |     1 |     4 ||     5
       Trog's Hand       |       |       |     1 ||     1
 Abil: Breathe Sticky Fl |       |       |     2 ||     2
  Use: Potion            |       |     2 |     1 ||     3
       Scroll            |       |       |     1 ||     1
  Eat: Bread ration      |       |       |     1 ||     1
       Beef jerky        |       |       |     1 ||     1
Armor: Skin              |       |    16 |    12 ||    28
Dodge: Dodged            |     1 |    34 |    73 ||   108
